 Dungeon Crawl Stone Soup version 0.25-a0-565-g8875c97ebb (webtiles) character file.

Game seed: 12029803444001575776, levelgen mode: classic

58254 EnegeticOcto the Champion of Chaos (level 14, 13/136 HPs)
             Began as a Deep Dwarf Fighter on Feb 26, 2020.
             Was the Champion of Makhleb.
             Quit the game on level 5 of the Lair of Beasts.
             The game lasted 00:11:34 (13500 turns).

EnegeticOcto the Champion of Chaos (DDFi)          Turns: 13500, Time: 00:11:34

Health: 13/136     AC: 19    Str: 24    XL:     14   Next: 48%
Magic:  11/11      EV: 10    Int: 10    God:    Makhleb [******]
Gold:   998        SH: 20    Dex: 12    Spells: 13/13 levels left

rFire    + . .     SeeInvis .   a - +1 war axe (freeze)
rCold    . . .     Gourm    .   F - +2 tower shield
rNeg     + . .     Faith    .   r - +0 plate armour
rPois    .         Spirit   .   (no helmet)
rElec    .         Reflect  .   q - +0 cloak
rCorr    .         Harm     +   A - +1 pair of gloves
MR       ++...                  z - +0 pair of boots
Stlth    ..........             D - amulet of harm
HPRegen  0.00/turn              y - +4 ring of protection
MPRegen  0.12/turn              J - ring of protection from fire

@: non-regenerating
A: damage resistance, heal wounds, repulsion field 1, deformed body, negative
energy resistance 1, sense surroundings 2, evolution 1, no regeneration
a: Heal Wounds, Minor Destruction, Lesser Servant of Makhleb, Major Destruction,
Greater Servant of Makhleb, Renounce Religion


You were on level 5 of the Lair of Beasts.
You worshipped Makhleb.
Makhleb was exalted by your worship.
You were not hungry.

You visited 3 branches of the dungeon, and saw 21 of its levels.
You also visited: Ossuary, Ice Cave and Volcano.

You collected 1746 gold pieces.
You spent 748 gold pieces at shops.

Inventory:

Hand Weapons
 a - a +1 war axe of freezing (weapon)
Missiles
 u - 2 throwing nets (quivered)
Armour
 q - a +0 cloak (worn)
 r - a +0 plate armour (worn)
 z - a +0 pair of boots (worn)
 A - a +1 pair of gloves (worn)
 F - a +2 tower shield (worn)
Jewellery
 c - the ring "Meqetaoq" {rElec MR+}
   (You bought it in a shop on level 10 of the Dungeon)

   [ring of protection from magic]

   It insulates you from electricity.
   It affects your resistance to hostile enchantments.
 y - a +4 ring of protection (left hand)
 D - an amulet of harm (around neck)
 G - an uncursed ring of protection from cold
 J - a ring of protection from fire (right hand)
 N - an uncursed ring of poison resistance
Wands
 t - a wand of flame (72)
 C - a wand of acid (14) {@v1}
 E - a wand of paralysis (8)
 I - a wand of polymorph (9)
Scrolls
 d - 3 scrolls of identify {@r1}
 g - a scroll of enchant armour
 i - 3 scrolls of fear
 o - 7 scrolls of remove curse {@r6}
 w - 9 scrolls of teleportation {@r2}
 x - 2 scrolls of blinking {@r3}
 H - 2 scrolls of fog
 K - a scroll of acquirement
 M - a scroll of magic mapping {@r5}
 O - 2 scrolls of enchant weapon
Potions
 b - a potion of lignification {@q7}
 f - 2 potions of berserk rage
 h - 4 potions of ambrosia
 j - 4 potions of stabbing {@q5}
 k - 2 potions of might {@q3}
 l - 8 potions of curing {@q1}
 m - a potion of resistance {@q6}
 n - 2 potions of haste {@q4}
 p - 2 potions of flight
 s - 3 potions of heal wounds {@q2}
 v - a potion of magic
 B - 3 potions of cancellation
Comestibles
 e - 29 rations
 L - 4 chunks of flesh


   Skills:
 * Level 11.7 Fighting
 * Level 13.5 Axes
 + Level 10.2 Armour
 - Level 8.4 Dodging
 * Level 11.2 Shields
 * Level 14.3 Invocations


You had 13 spell levels left.
You didn't know any spells.
Your spell library was empty.

Dungeon Overview and Level Annotations

Branches:
Dungeon (15/15)            Temple (1/1) D:6            Lair (5/6) D:10
  Swamp (0/4) Lair:3       Spider (0/4) Lair:3          Orc (0/2) D:12
 Vaults (0/5) D:14         Depths (0/5) D:15        Ossuary (visited)
  IceCv (visited)         Volcano (visited)
  Slime: Lair:5-6

Altars:
Ashenzari
Cheibriados
Dithmenos
Elyvilon
Fedhas
Hepliaklqana
Makhleb
Okawaru
Qazlal
Ru
Sif Muna
Trog
Uskayaw
Wu Jian
Xom
Yredelemnul
Zin
The Shining One

Shops:
D:7 (   D:10 =   D:13 }

Annotations:
D:5 1 runed translucent door, sixsigma's ghost, amateur GnWz
Lair:2 2 transporters


Innate Abilities, Weirdness & Mutations

You are resistant to damage.
You can heal yourself by infusing magical energy.
You resist negative energy. (rN+)
You passively map the area around you.
You do not regenerate.
You are surrounded by a mild repulsion field. (EV +2)
Armour fits poorly on your strangely shaped body.
You evolve.


Message History

The 15-headed hydra closely misses you. You block the 15-headed hydra's attack.
The 15-headed hydra closely misses you. You block the 15-headed hydra's attack.
The 15-headed hydra bites you but does no damage. x2
You block the 15-headed hydra's attack.
The 15-headed hydra bites you but does no damage.
The 15-headed hydra bites you. The 15-headed hydra bites you!
The 15-headed hydra bites you but does no damage. x2
You block the 15-headed hydra's attack. x2; The 15-headed hydra bites you.
The death yak gores you!
The blink frog blinks!
The death yak gores you!
* * * LOW HITPOINT WARNING * * *
You are too injured to fight recklessly!
You are too injured to fight recklessly!
You are too injured to fight recklessly!
You are too injured to fight recklessly!
Your magical essence is drained by the effort!
You feel much better.
The blink frog blinks!
Your neqoxec hits the death yak but does no damage.
Your orange demon stings the death yak from afar!
The death yak looks as sick as possible!
Your orange demon poisons the death yak!
The 15-headed hydra bites you. You block the 15-headed hydra's attack.
The 15-headed hydra completely misses you.
You block the 15-headed hydra's attack. x2
The 15-headed hydra barely misses you.
The 15-headed hydra bites you but does no damage.
The 15-headed hydra bites you.
The 15-headed hydra bites you but does no damage.
The 15-headed hydra misses you. You block the 15-headed hydra's attack.
The 15-headed hydra bites you! x2
* * * LOW HITPOINT WARNING * * *
The 15-headed hydra bites you but does no damage.
The 15-headed hydra bites you. You block the death yak's attack.
The blink frog hits you but does no damage.
You are too injured to fight recklessly!
You are too injured to fight recklessly!
You are too injured to fight recklessly!
You are too injured to fight recklessly!
You are too injured to fight recklessly!
You are too injured to fight recklessly!
You are too injured to fight recklessly!
You are too injured to fight recklessly!
You fail to use your ability.
Your orange demon stings the death yak!
The death yak dies!
Makhleb accepts your kill. The crocodile bites your neqoxec!!
The 15-headed hydra bites you but does no damage.
The 15-headed hydra misses you. The 15-headed hydra bites you.
* * * LOW HITPOINT WARNING * * *
The 15-headed hydra bites you but does no damage.
You block the 15-headed hydra's attack. The 15-headed hydra closely misses you.
The 15-headed hydra bites you.
* * * LOW HITPOINT WARNING * * *
The 15-headed hydra bites you!
* * * LOW HITPOINT WARNING * * *
The 15-headed hydra bites you. x2
* * * LOW HITPOINT WARNING * * *
The 15-headed hydra barely misses you. You block the 15-headed hydra's attack.
The 15-headed hydra bites you but does no damage.
The 15-headed hydra barely misses you. The 15-headed hydra misses you.
The death yak gores your neqoxec.
The blink frog hits you but does no damage.
The blink frog blinks!
Your neqoxec hits the 15-headed hydra.
You feel much better.
The blink frog blinks!
The crocodile bites your neqoxec! You block the blink frog's attack.
The death yak gores you!
* * * LOW HITPOINT WARNING * * *
The 15-headed hydra barely misses you. x2
The 15-headed hydra bites you but does no damage. x3
You block the 15-headed hydra's attack. The 15-headed hydra barely misses you.
The 15-headed hydra bites you!
* * * LOW HITPOINT WARNING * * *
The 15-headed hydra bites you.
* * * LOW HITPOINT WARNING * * *
You block the 15-headed hydra's attack. x2
The 15-headed hydra bites you but does no damage.
You block the 15-headed hydra's attack. The 15-headed hydra bites you.
* * * LOW HITPOINT WARNING * * *
The 15-headed hydra bites you but does no damage.
Your neqoxec gestures.
You feel much better. The blink frog barely misses you.
The crocodile bites your neqoxec but does no damage.
Your orange demon barely misses the 15-headed hydra.
The 15-headed hydra misses you.
The 15-headed hydra bites you but does no damage. x2
The 15-headed hydra closely misses you. You block the 15-headed hydra's attack.
The 15-headed hydra bites you but does no damage.
You block the 15-headed hydra's attack. x3; The 15-headed hydra bites you!
* * * LOW HITPOINT WARNING * * *
The 15-headed hydra bites you but does no damage. x2
The 15-headed hydra bites you!
* * * LOW HITPOINT WARNING * * *
The 15-headed hydra closely misses you.
The 15-headed hydra bites you but does no damage.
The death yak gores you but does no damage.
The blink frog hits you.
The blink frog blinks!
Your neqoxec barely misses the 15-headed hydra.
You are too injured to fight recklessly!
You are too injured to fight recklessly!
You are too injured to fight recklessly!
You are too injured to fight recklessly!
Are you sure you want to abandon this character and quit the game? (Confirm with "yes".)

#*#.>.รท.>.........# ,
##...............## ...*
* #.................#
... ,,
##P................
.P.., ,
#................#...# ,
#................##...##
,
##.............###5.....
,,
##..........##..45.F...
,,,.........##.F@3# *
####..[.....#DYt..F.. ,
##.#.#..##Yr...... , *
###.#..#...8...8. ,
.....#..F..>... ,
##........8...8. **
#.##............, ##
#.....#....##, ,* ###...
, , *


You could see 2 death yaks, a 15-headed hydra, 4 blink frogs, a crocodile, a
porcupine, a friendly orange demon, a friendly neqoxec, a friendly quasit and a
friendly white imp.

Vanquished Creatures
  A frost giant (IceCv)
  An ogre mage (D:15)
  A hydra (Lair:2)
  4 vault guards (D:14)
  A centaur warrior (D:13)
  6 two-headed ogres
  2 death yaks (Lair:5)
  Nergalle (Lair:3)
  A sun demon (Volcano)
  A skeletal warrior (D:14)
  2 unseen horrors
  2 wizards (D:15)
  2 deep elf magi
  An orc knight (D:15)
  8 ugly things
  A cyclops (D:11)
  A wolf spider (D:14)
  2 manticores
  A cyclops (shapeshifter) (D:14)
  2 orc sorcerers
  An oklob plant (D:10)
  A naga mage (D:15)
  8 elephants
  A molten gargoyle (Volcano)
  8 komodo dragons
  4 spiny frogs
  A rime drake (Lair:4)
  2 yaktaurs
  A tengu conjurer (D:15)
  A red devil (Volcano)
  9 trolls
  10 slime creatures
  A meliai zombie (D:14)
  8 polar bears
  5 blink frogs (Lair:5)
  A hornet (D:9)
  8 hippogriffs
  2 wraiths
  2 shadows
  A vampire (D:9)
  3 wyverns
  25 yaks
  9 fire bats
  A hog (shapeshifter) (D:14)
  5 hungry ghosts
  3 basilisks
  A vampire mosquito (D:14)
  A warg (D:15)
  2 hell hounds (Volcano)
  6 water moccasins
  5 porcupines
  7 orc warriors
  A hornet zombie (D:14)
  10 ice beasts
  2 sky beasts
  A necrophage (D:12)
  4 ogres
  2 phantoms
  3 boggarts (D:14)
  5 wolves (Lair:2)
  7 crocodiles
  15 centaurs
  4 big kobolds
  A wyvern zombie (D:14)
  14 bullfrogs
  2 elf zombies (Ossuary)
  2 wyvern skeletons (D:13)
  5 scorpions
  7 wights (D:12)
  9 killer bees
  2 howler monkeys (D:6)
  7 crimson imps
  2 centaur zombies
  A bullfrog zombie (D:9)
  6 lava snakes (Volcano)
  2 quasits
  5 jellies
  6 orc priests
  10 hounds
  16 orc wizards
  3 centaur skeletons
  6 iguanas
  7 worker ants
  A big kobold zombie (Ossuary)
  A hound skeleton (D:4)
  2 mummies (Ossuary)
  A worker ant zombie (D:11)
  9 adders
  15 gnolls
  A howler monkey skeleton (D:5)
  5 shadow imps
  5 oozes (D:9)
  An adder skeleton (D:5)
  3 adder zombies
  4 worms
  A dart slug (D:3)
  9 leopard geckos
  67 orcs
  A ball python (D:6)
  2 bats
  4 giant cockroaches
  A goblin (D:3)
  A hobgoblin (D:2)
  5 jackals
  5 quokkas
  5 frilled lizards (D:4)
  A goblin zombie (Ossuary)
  13 hobgoblin zombies (Ossuary)
  3 jackal zombies
  15 kobolds
  9 kobold zombies (Ossuary)
  6 orc zombies (Ossuary)
  A rat (D:1)
  6 plants
554 creatures vanquished.

Vanquished Creatures (collateral kills)
  A death yak (Lair:5)
  2 spiny frogs (Lair:2)
  A komodo dragon (Lair:2)
  A porcupine (Lair:2)
5 creatures vanquished.

Vanquished Creatures (others)
  A polar bear (IceCv)
  A yak (IceCv)
  3 wolves (IceCv)
  A fungus (Lair:4)
6 creatures vanquished.

Grand Total: 565 creatures vanquished

Notes
Turn   | Place    | Note
-------+----------+-------------------------------------------
     0 | D:1      | EnegeticOcto the Deep Dwarf Fighter began the quest for the
                  | Orb.
     0 | D:1      | Reached XP level 1. HP: 20/20 MP: 1/1
   114 | D:2      | Reached XP level 2. HP: 25/27 MP: 2/2
   152 | D:3      | Reached skill level 1 in Dodging
   193 | D:3      | Found a hazy altar of Hepliaklqana.
   233 | D:4      | Found a sand-covered staircase.
   238 | Ossuary  | Entered an ossuary
   247 | Ossuary  | Reached XP level 3. HP: 31/34 MP: 3/3
   327 | Ossuary  | Reached XP level 4. HP: 40/42 MP: 4/4
   357 | Ossuary  | Reached XP level 5. HP: 30/49 MP: 5/5
   558 | D:4      | Reached XP level 6. HP: 34/57 MP: 6/6
   625 | D:4      | Found a shattered altar of Ashenzari.
   983 | D:4      | Reached XP level 7. HP: 51/66 MP: 6/6
  1378 | D:4      | Found a bloodstained altar of Trog.
  1510 | D:4      | Reached skill level 5 in Axes
  1586 | D:5      | Entered Level 5 of the Dungeon
  1726 | D:5      | Found a hide-covered altar of Uskayaw.
  2187 | D:5      | Found a runed translucent door.
  2215 | D:5      | Noticed sixsigma's ghost (amateur GnWz)
  2753 | D:6      | Reached skill level 5 in Fighting
  2761 | D:6      | Reached skill level 5 in Shields
  2773 | D:6      | Reached skill level 5 in Armour
  2773 | D:6      | Reached XP level 8. HP: 31/74 MP: 6/6
  2818 | D:6      | Found a staircase to the Ecumenical Temple.
  2914 | Temple   | Entered the Ecumenical Temple
  2922 | Temple   | Became a worshipper of Makhleb the Destroyer
  3037 | D:6      | Reached skill level 1 in Invocations
  3190 | D:6      | Reached skill level 2 in Invocations
  3693 | D:7      | Found Qukiqot's Antique Weapon Shoppe.
  3701 | D:7      | Bought a slimy battleaxe for 241 gold pieces
  3706 | D:7      | Identified the cursed +2 battleaxe "Coeloq" {venom, +Fly
                  | MP+9} (You bought it in a shop on level 7 of the Dungeon)
  3883 | D:7      | Reached skill level 3 in Invocations
  3956 | D:7      | Noticed a hippogriff
  3959 | D:7      | Found a shimmering blue altar of Sif Muna.
  3967 | D:7      | Killed a hippogriff
  3976 | D:7      | Found an ornate altar of the Wu Jian Council.
  3976 | D:7      | Found a white marble altar of Elyvilon.
  3983 | D:7      | Found a bloodstained altar of Trog.
  3986 | D:7      | Reached * piety under Makhleb
  3994 | D:7      | Found a glowing silver altar of Zin.
  4097 | D:8      | Gained mutation: You passively map the area around you.
                  | [Deep Dwarf growth]
  4097 | D:8      | Reached XP level 9. HP: 55/82 MP: 9/9
  4107 | D:8      | Reached skill level 4 in Invocations
  4248 | D:8      | Found a shimmering altar of Xom.
  4253 | D:8      | Reached skill level 5 in Invocations
  4277 | D:8      | Found a stormy altar of Qazlal.
  4281 | D:8      | Found a blossoming altar of Fedhas.
  4589 | D:9      | Noticed a manticore
  4605 | D:9      | Killed a manticore
  4605 | D:9      | Reached skill level 5 in Dodging
  4606 | D:9      | Reached skill level 6 in Invocations
  4683 | D:9      | Reached ** piety under Makhleb
  4786 | D:9      | Noticed a troll
  4801 | D:9      | Killed a troll
  4801 | D:9      | Reached XP level 10. HP: 63/94 MP: 9/9
  4886 | D:9      | Paralysed by a hornet for 2 turns
  5056 | D:9      | Reached skill level 7 in Invocations
  5133 | D:10     | Entered Level 10 of the Dungeon
  5273 | D:10     | Noticed an oklob plant
  5275 | D:10     | Found a staircase to the Lair.
  5294 | D:10     | HP: 3/94 [acid (10)]
  5308 | D:10     | Killed an oklob plant
  5399 | D:10     | Killed an unseen horror
  5399 | D:10     | Reached *** piety under Makhleb
  5430 | D:10     | Reached skill level 8 in Invocations
  5443 | D:10     | Found Wonlim's Jewellery Emporium.
  5743 | D:10     | Noticed a two-headed ogre
  5756 | D:10     | Killed a two-headed ogre
  5756 | D:10     | Reached XP level 11. HP: 62/103 MP: 9/9
  6089 | D:11     | Reached **** piety under Makhleb
  6241 | D:11     | Reached skill level 9 in Invocations
  6501 | D:11     | Found a frozen archway.
  6523 | IceCv    | Entered an ice cave
  6577 | IceCv    | Noticed a frost giant
  6596 | IceCv    | Killed a frost giant
  6596 | IceCv    | Reached skill level 10 in Axes
  6627 | IceCv    | Reached skill level 10 in Invocations
  6826 | D:11     | Noticed a red ugly thing
  6833 | D:11     | Killed a red ugly thing
  7143 | D:12     | Noticed a two-headed ogre
  7149 | D:12     | Killed a two-headed ogre
  7152 | D:12     | Reached XP level 12. HP: 114/114 MP: 9/9
  7174 | D:12     | Identified a scroll of acquirement
  7174 | D:12     | Identified the ring "Zegetosh" {rElec rC- EV+2 Dex+3} (You
                  | acquired it on level 12 of the Dungeon)
  7198 | D:12     | Found a basalt altar of Yredelemnul.
  7317 | D:12     | Reached ***** piety under Makhleb
  7325 | D:12     | Reached skill level 11 in Invocations
  7718 | D:12     | Found a staircase to the Orcish Mines.
  7807 | D:13     | Found Umumunge's Gadget Shop.
  8176 | D:13     | Noticed a centaur warrior
  8188 | D:13     | Killed a centaur warrior
  8318 | D:13     | Reached skill level 10 in Fighting
  8692 | D:14     | Reached skill level 12 in Invocations
  8721 | D:14     | Identified the cursed +1 chain mail of the Sun {Regen+}
                  | (You found it on level 14 of the Dungeon)
  8752 | D:14     | Noticed a vault guard
  8752 | D:14     | Noticed a vault guard
  8752 | D:14     | Noticed a vault guard
  8752 | D:14     | Noticed a vault guard
  8753 | D:14     | Found a gate to the Vaults.
  8991 | D:14     | Killed a vault guard
  9001 | D:14     | Killed a vault guard
  9001 | D:14     | Reached XP level 13. HP: 118/124 MP: 12/12
  9608 | D:15     | Entered Level 15 of the Dungeon
  9850 | D:15     | Reached ****** piety under Makhleb
 10174 | D:15     | Reached skill level 13 in Invocations
 10199 | D:15     | Found a staircase to the Depths.
 10205 | D:15     | Reached skill level 10 in Shields
 10452 | Lair:1   | Entered Level 1 of the Lair of Beasts
 10502 | D:10     | Bought the ring "Meqetaoq" {rElec MR+} for 507 gold pieces
 10818 | Lair:2   | Found a transporter.
 10937 | Lair:2   | Found a transporter.
 11050 | Lair:2   | Gained mutation: You resist negative energy. (rN+) [Deep
                  | Dwarf growth]
 11050 | Lair:2   | Reached XP level 14. HP: 104/135 MP: 12/12
 11368 | Lair:3   | Found a hole to the Spider Nest.
 11379 | Lair:3   | Found a staircase to the Swamp.
 11959 | Lair:3   | Noticed Nergalle
 11983 | Lair:3   | Killed Nergalle
 11983 | Lair:3   | Reached skill level 10 in Armour
 11989 | Lair:3   | Gained mutation: You are surrounded by a mild repulsion
                  | field. (EV +2) [potion of mutation]
 11989 | Lair:3   | Gained mutation: You evolve. [potion of mutation]
 12376 | Lair:4   | Found a dark tunnel.
 12391 | Volcano  | Entered a volcano
 12466 | Volcano  | Reached skill level 14 in Invocations
 12547 | Volcano  | Found a radiant altar of Vehumet.
 12676 | Volcano  | Gained mutation: Armour fits poorly on your strangely
                  | shaped body. [evolution]
 13500 | Lair:5   | Quit the game

Levels and vault maps discovered:
D:1:      elethiomel_arrival_shortcut, layout_loops_corners
D:2:      layout_rooms, grunt_gozag_statues, grunt_decor_mini_mirrors,
          uniq_robin
D:3:      layout_basic, old_standard_altar
D:4:      layout_basic, ashenzari_altar_1, first_ration, enter_ossuary_5,
          trog_butcher_becter
D:5:      layout_basic, eat_drink_and_be_merry_uskayaw, ebering_ghost_sewer_d,
          minmay_manual_mess
D:6:      layout_rooms, minmay_temple_entry_sparse_star,
          gup_sewer_entry_bubbles, nicolae_lava_and_water
D:7:      layout_cave_pools, minmay_overflow_temple_star_hex, serial_shops,
          nicolae_shop_statue_plus
D:8:      layout_basic, minmay_overflow_temple_star_quad
D:9:      layout_big_octagon, hangedman_little_slice_of_home
D:10:     layout_roguey, dpeg_oklobed_lair, serial_shops, shop_coins,
          special_room [special_room_orc], hex_tiny, lemuel_flame_loot_1
D:11:     layout_grid_maze, portal_ice_cave_entry_ice_beasts,
          kennysheep_generic_room_12
D:12:     layout_small_grid, orc_0_dummy, basic_altar
D:13:     layout_cave_pods, serial_shops, shop
D:14:     minmay_the_grid_octo_triangle [minmay_the_grid_octo_tetromino_candy,
          minmay_the_grid_octo_prize_single_spiral, minmay_the_grid_octo_focus],
          layout_loops_ring, lightli_vaults_fourway_checkpoint,
          wad_floor_pattern_untrapped
D:15:     grunt_enter_depths_magical_seal, layout_long_grid,
          minmay_misc_feat_secret_circle
Temple:   eino_temple_lava
Lair:1:   layout_cave_pods, basic_altar
Lair:2:   gammafunk_cloud_chamber, layout_misc_corridors,
          nicolae_quartered_pool_medium, infiniplex_staircase_pool,
          serial_bayou_shore_b
Lair:3:   layout_cave_pods, swamp_mist, spider_nest_entry_web_field,
          minivault_11, uniq_nergalle
Lair:4:   layout_small_grid, nicolae_volcano_entry_batcave, beast_lair_carwin_9
Lair:5:   layout_cave_pods, slime_dummy, grunt_megastairs_2

Skill      XL: |  1  2  3  4  5  6  7  8  9 10 11 12 13 14 |
---------------+-------------------------------------------+-----
Fighting       | 3 4 5 6 7 8 9 10 11 | 11.7
Dodging        | 1 2 3 4 5 6 7 8 |  8.4
Axes           | 3 4 5 7 8 9 10 11 13 | 13.5
Shields        | 4 5 6 7 8 9 10 11 | 11.2
Armour         | 4 5 6 7 8 9 10 | 10.2
Invocations    | 3 6 8 10 12 13 14 | 14.3

Action                   |  1- 3 |  4- 6 |  7- 9 | 10-12 | 13-15 || total
-------------------------+-------+-------+-------+-------+-------++-------
Melee: War axe           |    78 |   166 |   287 |       |   672 ||  1203
       Battleaxe         |       |       |   189 |   665 |    30 ||   884
Invok: Lesser Servant of |       |       |       |       |     4 ||     4
 Abil: Heal Wounds       |     2 |     4 |    22 |    25 |    15 ||    68
Evoke: Wand              |       |       |       |     7 |     1 ||     8
  Use: Scroll            |       |       |    21 |     7 |     9 ||    37
       Potion            |       |       |       |     1 |     1 ||     2
  Eat: Chunk             |       |     1 |    16 |    23 |    16 ||    56
       Ration            |       |       |     1 |     2 |       ||     3
Armor: Scale mail        |    30 |    51 |   100 |       |       ||   181
       Plate armour      |       |       |   317 |   707 |   362 ||  1386
Dodge: Dodged            |    34 |    61 |   282 |   403 |   206 ||   986
Block: Kite shield       |    41 |    79 |   192 |       |       ||   312
       Tower shield      |       |       |       |       |   708 ||   708

Table legend:
 A = Non-vault XP
 B = Vault XP
 C = Vault XP percentage of total XP
 D = Non-vault monster count
 E = Vault monster count
 F = Vault count percentage of total count
                 A         B        C        D         E       F
            +---------+---------+-------+---------+---------+-------
      Total |   52585 |   30636 |  36.8 |     390 |     164 |  29.6
            +---------+---------+-------+---------+---------+-------
        D:1 |       3 |       0 |   0.0 |       2 |       0 |   0.0
        D:2 |      10 |       0 |   0.0 |       4 |       0 |   0.0
        D:3 |      27 |       0 |   0.0 |       7 |       0 |   0.0
        D:4 |     489 |      10 |   2.0 |      32 |       4 |  11.1
        D:5 |     246 |       0 |   0.0 |      14 |       0 |   0.0
        D:6 |     936 |      27 |   2.8 |      37 |       6 |  14.0
        D:7 |     526 |       0 |   0.0 |      16 |       0 |   0.0
        D:8 |    1498 |       0 |   0.0 |      24 |       0 |   0.0
        D:9 |    2405 |     158 |   6.2 |      31 |       8 |  20.5
       D:10 |    3986 |     757 |  16.0 |      20 |      21 |  51.2
       D:11 |    3435 |    1037 |  23.2 |      35 |       8 |  18.6
       D:12 |    6844 |       0 |   0.0 |      44 |       0 |   0.0
       D:13 |    4240 |       0 |   0.0 |      21 |       0 |   0.0
       D:14 |    3132 |    8916 |  74.0 |      18 |      25 |  58.1
       D:15 |    6987 |    7157 |  50.6 |      26 |      11 |  29.7
     Lair:1 |    1031 |       0 |   0.0 |       4 |       0 |   0.0
     Lair:2 |    7233 |       0 |   0.0 |      27 |       0 |   0.0
     Lair:3 |    4634 |     824 |  15.1 |      16 |       1 |   5.9
     Lair:4 |    1329 |    1792 |  57.4 |       4 |       8 |  66.7
     Lair:5 |    3594 |       0 |   0.0 |       8 |       0 |   0.0
    Ossuary |       0 |     330 | 100.0 |       0 |      39 | 100.0
      IceCv |       0 |    4678 | 100.0 |       0 |      13 | 100.0
    Volcano |       0 |    4950 | 100.0 |       0 |      20 | 100.0
            +---------+---------+-------+---------+---------+-------
